 Dungeon Crawl Stone Soup version 0.27.1-2-g3b301248ec (webtiles) character file.

Game seed: 7658413729402040013

47 belegose the Vexing (level 3, -5/21 HPs)
             Began as a Kobold Arcane Marksman on Sept 28, 2021.
             Slain by Terence (9 damage)
             ... on level 1 of the Dungeon.
             The game lasted 00:03:50 (2871 turns).

belegose the Vexing (Kobold Arcane Marksman)        Turns: 2871, Time: 00:03:50

Health: -5/21      AC:  2    Str:  6 (8)  XL:     3   Next: 97%
Magic:  4/4        EV: 15    Int: 12 (14) God:
Gold:   64         SH:  0    Dex: 14 (15) Spells: 3/4 levels left

rFire    . . .     SeeInvis .   e - +0 rapier
rCold    . . .     Faith    .   (shield restricted)
rNeg     . . .     Spirit   .   a - +0 robe
rPois    .         Reflect  .   (no helmet)
rElec    .         Harm     .   (no cloak)
rCorr    .         Rampage  .   (no gloves)
Will     .....                  (no boots)
Stlth    +++.......             (no amulet)
HPRegen  0.07/turn              (no ring)
MPRegen  0.09/turn              (no ring)

@: no status effects
A: small, no large weapons, nightstalker 3
a: no special abilities


You were on level 1 of the Dungeon.
You visited 1 branch of the dungeon, and saw 2 of its levels.

You collected 64 gold pieces.

Inventory:

Hand Weapons
 e - a +0 rapier (weapon)
Missiles
 b - 8 boomerangs (quivered)
 c - 2 throwing nets
 h - 24 stones
 m - 13 poisoned darts
Armour
 a - a +0 robe (worn)
Scrolls
 d - a scroll of fear {unknown}
 f - a scroll of noise {unknown}
 i - a scroll of teleportation {unknown}
Potions
 g - 2 potions of might {unknown}
 j - a potion of berserk rage {unknown}
 k - a potion of resistance {unknown}
 l - a potion of haste {unknown}


   Skills:
 + Level 1.9 Fighting
 + Level 1.5 Short Blades
 + Level 2.7 Throwing
 + Level 3.0 Dodging
 + Level 1.8 Stealth
 - Level 1.1 Spellcasting
 - Level 3.0 Hexes


You had 3 spell levels left.
You knew the following spells:

 Your Spells              Type           Power      Damage    Failure   Level
a - Corona                Hex            7%         N/A       9%          1

Your spell library contained the following spells:

 Spells                   Type           Power      Damage    Failure   Level
 Slow                     Hex            7%         N/A       13%         2
 Inner Flame              Hex/Fire       4%         N/A       43%         3
 Portal Projectile        Hex/Tloc       8%         N/A       43%         3
 Cause Fear               Hex            3%         N/A       65%         4


Dungeon Overview and Level Annotations

Branches:
Dungeon (2/15)

Altars:

Annotations:
D:1 Terence


Innate Abilities, Weirdness & Mutations

You are small and have problems with some larger weapons.
You are completely attuned to the shadows.


Message History

The adder poisons you! The adder barely misses you.
You barely miss the adder.
The adder is almost dead.
You feel sick. The adder misses you.
You hit the adder.
You kill the adder!
You feel sick.
You feel your dexterity returning.
You feel sick.
You see here an adder corpse.
You feel sick.
You feel sick.
You feel sick.
You feel sick.
You are no longer poisoned.
A gnoll is nearby!
A gnoll is nearby!
There is an escape hatch in the floor here.
A gnoll is nearby!
The gnoll barely misses you.
You hit the gnoll.
The gnoll is heavily wounded.
The gnoll hits you with a +0 club!
You closely miss the gnoll.
The gnoll is heavily wounded.
The gnoll closely misses you.
You hit the gnoll.
The gnoll is severely wounded.
The gnoll hits you with a +0 club. x2
* * * LOW HITPOINT WARNING * * *
The gnoll shouts!
The gnoll closely misses you. The gnoll barely misses you.
There is a stone staircase leading up here.
You climb upwards.
Level annotation: Terence Terence hits you with a +0 flail.
* * * LOW HITPOINT WARNING * * *
Terence hits you with a +0 flail!
You die...

#.# #.##############......# #.#
#...........@..#.####.# #.#
#..###########'#.#.)#.# #.# #..#
#....#..#.# #.# #..#######
#....#..#.# #.# #........#
#....#..#.. #.# #.......[#
#....#..### #.#
#....@...####.......... #.#
#..##.@................ #.#
#..##..#.........#..... #.#
#..♣♣♣♣♣.........#.###)
#.##########♣♣.♣♣P♣......#.#.# #.
#.........♣♣♣♣..P........#.#.###.
#####.....♣♣.PPP.♣♣......+....['.
#....♣♣PP...♣♣.......#.#.###.
###..♣P..P.♣♣........#.#.#...
#..♣♣P.♣.♣♣........#.#.#...


You could see Terence.

Vanquished Creatures
  An adder (D:2)
  A dart slug (D:1)
  4 ball pythons (D:1)
  6 bats
  An endoplasm (D:1)
  A giant cockroach (D:1)
  2 goblins
  6 hobgoblins
  2 jackals (D:1)
  2 quokkas
  2 frilled lizards (D:1)
  3 kobolds
  A rat (D:2)
32 creatures vanquished.

Notes
Turn   | Place    | Note
-------+----------+-------------------------------------------
     0 | D:1      | belegose the Kobold Arcane Marksman began the quest for the
                  | Orb.
     0 | D:1      | Reached XP level 1. HP: 12/12 MP: 2/2
   497 | D:1      | Reached XP level 2. HP: 16/16 MP: 3/3
   588 | D:1      | Reached skill level 1 in Stealth
   866 | D:1      | Reached skill level 1 in Short Blades
   884 | D:1      | Reached XP level 3. HP: 3/20 MP: 4/4
  1264 | D:1      | Found a faded altar of an unknown god.
  2067 | D:2      | Noticed Terence
  2871 | D:1      | Slain by Terence

Illustrated notes

Levels and vault maps discovered:
D:1:      dpeg_arrival_short_road, layout_basic, serial_forest,
          infiniplex_forest_clump_curved, infiniplex_forest_lined_room_3,
          infiniplex_forest_clump_small, infiniplex_forest_end_3,
          infiniplex_forest_clump_medium, infiniplex_forest_corner_1,
          infiniplex_forest_corner_1, infiniplex_forest_end_3,
          infiniplex_forest_lined_3, dilly_ecumenical_altar_fadedgnrine
D:2:      layout_loops_cross, uniq_terence

Skill      XL: |  1  2  3 |
---------------+----------+-----
Stealth        | 1 |  1.8
Short Blades   | 1 |  1.5
Dodging        | 3 |  3.0
Fighting       | |  1.9
Throwing       | |  2.7
Spellcasting   | |  1.1
Hexes          | |  3.0

Action                   || total
-------------------------++-------
Melee: Rapier            ||   104
       Unarmed           ||     2
Throw: Boomerang         ||     4
  Use: Potion            ||     1
 Stab: Sleeping          ||     8
Armor: Robe              ||    15
Dodge: Dodged            ||    93
